AoeStats
← Lerny

African Clearing

510583916Analyzed
4v4 RM · 21h ago on Oct 1, 2026· 30m 55s· 8 players
Game mode
Random Map
Map size
Large (8 player)
Population
200
Speed
Normal
Resources
Standard
Victory
Conquest
Starting age
Dark Age
Ending age
Imperial Age
RankedLock teamsTeams togetherTeam positionsShared explorationLock speedFull tech treeHidden civsTurbo modeCheats
Victory
Defeat
🇯🇴 Mongols · Jordan
999
+12
🇹🇷 Lithuanians · Türkiye
989
+13
🇹🇷 Mongols · Türkiye
975
+13
🇬🇧 Burgundians · United Kingdom
916
+16
🇨🇱 Bohemians · Chile
973
-16
🇨🇳 Huns · China
942
-15
🇨🇱 Romans · Chile
881
-12
🇧🇷 Cumans · Brazil
849
-11
Doofy69
8:32 Double-Bit Axe
10:30 Loom
12:06 Fishing Lines
13:59 Wheelbarrow
17:29 Feudal Age
18:41 Bow Saw
25:09 Castle Age
24:21 Scale Barding Armor
24:27 Forging
24:50 Horse Collar
25:16 Cavalier
25:56 Husbandry
26:57 Heavy Plow
26:51 Gillnets
27:28 Gold Mining
29:07 Chain Barding Armor
KarasukWarrior
7:58 Loom
15:35 Feudal Age
21:24 Castle Age
20:21 Forging
21:17 Bloodlines
21:31 Horse Collar
26:44 Husbandry
28:03 Scale Barding Armor
31:05 Iron Casting
Be_Kes_O
Black.ice27
13:04 Feudal Age
15:51 Double-Bit Axe
19:38 Castle Age
18:27 Fletching
19:43 Wheelbarrow
19:03 Gold Mining
20:47 Crossbowman
23:45 Bodkin Arrow
31:52 Ballistics
Will Rossi
4:07 Loom
Carrizuwu
20:44 Feudal Age
21:16 Man-at-Arms
23:30 Scale Mail Armor
24:13 Double-Bit Axe
26:37 Forging
32:10 Castle Age
Lerny
zenghui
13:45 Feudal Age
12:41 Loom
18:55 Castle Age
17:01 Double-Bit Axe
17:48 Horse Collar
18:59 Bloodlines
19:51 Bow Saw
21:02 Wheelbarrow
27:02 Scale Barding Armor
28:34 Heavy Plow
29:29 Forging
Connection lost

Rejoining the realm…

Still unreachable

The connection could not be restored.

Session expired

The server has moved on; the page needs a fresh start.